Cogmind - Beta 13 @@@ ROGUE MODE // 2024.04.11 @ 01:47:00 Player: Millea Result: Destroyed by G-67 Veteran with Plasma Rifle Performance ------------- Evolutions (7) 3500 Regions Visited (14) 2800 Robots Destroyed (96) 480 Value Destroyed (3688) 3688 Prototype IDs (60) 1200 Alien Tech Used (5) 1000 Bonus (14161) 14161 TOTAL SCORE: 26829 Bonus ------- Triggered Max Security 1000 High Alert Combat Kills 1362 Follower Combat Kills 4895 Entered DSFs 1000 Scanned by Researcher 500 Pursued by Intercept 500 Met Sigix 2000 Activated Exoskeleton 3000 Friendly Fire -96 Cogmind --------- Core Integrity 0/1300 Matter 300/300 Energy 350/350 System Corruption 40% Temperature Cool (0) Movement Core (50) Location -3/Section 7 Parts ------- > --- POWER (2) -------- (None) > --- PROPULSION (8) --- (None) > --- UTILITY (9) ------ (None) > --- WEAPON (2) ------- (None) > --- INVENTORY (7) ---- Advanced ECM Suite Experimental Reaction Control System Gamma Rifle Field Laser Plasma Rifle Coil Gun Peak State ------------ > --- POWER ------------ Matter Drive > --- PROPULSION ------- Advanced Surge Thruster Advanced Surge Thruster Advanced Surge Thruster Advanced Surge Thruster Flightbrick > --- UTILITY ---------- Small Storage Unit Advanced Weight Redist. System Advanced Sensor Array Advanced Signal Interpreter Centrium Heavy Armor Plating Hacking Suite Improved Hacking Suite System Shield Advanced System Shield Advanced System Shield Advanced System Shield > --- WEAPON ----------- Vibroblade Heavy Pick > --- INVENTORY -------- Advanced Surge Thruster Cooled Field Propulsion Drive Q-thruster Improved Cooling System Advanced ECM Suite Micro-nuke Launcher Sigix Containment Pod [Rating: 172] Favorites ----------- Power Light Antimatter Reactor Engine Light Ion Engine Power Core Micro Nuclear Core Reactor Light Antimatter Reactor Propulsion Advanced Surge Thruster Treads Light Treads Leg Flexi-carbon Leg Wheel Subdweller Monowheel Hover Unit Antigrav System Flight Unit Advanced Surge Thruster Utility Hacking Suite Device Advanced Weight Redist. System Storage Small Storage Unit Processor Enhanced Optical Array Hackware Hacking Suite Protection Centrium Heavy Armor Plating Artifact Microwarp Drive Weapon Gauss Rifle Energy Gun Medium Laser Energy Cannon Subdweller Beam Cannon Ballistic Gun Gauss Rifle Launcher Rocket Launcher Impact Weapon Powered Hammer Slashing Weapon Power Sword Piercing Weapon Heavy Pick Build | -11 -10 -10 -8 -7 -7 -6 -5 -4 -4 -4 -4 -3 -3 -3 ------- Run | Yrd Mat Sub Mat Fac DSF Fac Fac Fac Was Fac DSF Res Qua Sec Slots Evolved 14 | . . . 4 2 . 2 2 2 . . . 2 . . Power 1 | . . . . . . 1 . . . . . . . . Propulsion 6 | . . . 2 . . . 2 . . . . 2 . . Utility 7 | . . . 2 2 . 1 . 2 . . . . . . Weapon . | . . . . . . . . . . . . . . . Parts Attached 150 | 6 6 13 12 4 3 17 13 7 1 1 4 15 11 37 Power 16 | 1 1 2 . 1 . 2 2 2 . . . . 2 3 Engine 10 | 1 1 2 . . . 2 2 . . . . . . 2 Core 1 | . . . . 1 . . . . . . . . . . Reactor 5 | . . . . . . . . 2 . . . . 2 1 Propulsion 32 | 2 . 5 1 . . . 4 1 . . 2 3 4 10 Treads 4 | 2 . 2 . . . . . . . . . . . . Leg 4 | . . . . . . . . . . . . . . 4 Wheel 4 | . . 3 . . . . . . . . . . . 1 Hover 2 | . . . . . . . 2 . . . . . . . Flight 18 | . . . 1 . . . 2 1 . . 2 3 4 5 Utility 68 | 1 4 2 8 3 1 10 3 2 . 1 1 12 4 16 Device 37 | . 2 2 2 3 . 4 1 2 . . 1 7 3 10 Storage 6 | 1 2 . 3 . . . . . . . . . . . Processor 4 | . . . . . . 1 . . . . . 1 . 2 Hackware 13 | . . . 2 . . 5 2 . . 1 . 3 . . Protection 6 | . . . 1 . 1 . . . . . . 1 1 2 Artifact 2 | . . . . . . . . . . . . . . 2 Weapon 34 | 2 1 4 3 . 2 5 4 2 1 . 1 . 1 8 Energy Gun 2 | 1 . . . . . . . . . . . . . 1 Energy Cannon 5 | . . 1 1 . . 2 1 . . . . . . . Ballistic Gun 18 | 1 1 3 2 . 2 3 1 1 . . . . . 4 Ballistic Cannon . | . . . . . . . . . . . . . . . Launcher 2 | . . . . . . . 1 1 . . . . . . Special Weapon . | . . . . . . . . . . . . . . . Impact Weapon 1 | . . . . . . . . . . . . . . 1 Slashing Weapon 3 | . . . . . . . 1 . . . . . 1 1 Piercing Weapon 3 | . . . . . . . . . 1 . 1 . . 1 Special Melee Weapon . | . . . . . . . . . . . . . . . Unidentified Prototypes 9 | . . . . . 1 . . . . . . 1 2 5 Corrupted Parts 3 | . . . . . . . . . . . . . . 3 System Corruption 7 | . . . . . . . . . . . . . . 7 Parts Lost 43 | . 1 6 . . 1 1 . . . 1 1 . 3 29 Power 6 | . 1 1 . . . . . . . . . . . 4 Propulsion 17 | . . 2 . . . . . . . . . . 2 13 Utility 14 | . . 1 . . 1 1 . . . 1 . . 1 9 Weapon 6 | . . 2 . . . . . . . . 1 . . 3 Highest Loss Streak 15 | . 1 3 . . 1 1 . . . 1 2 . 2 15 To Critical Strikes 3 | . . . . . . . . . . . . . . 3 Average Slot Usage (%) 86 | . 99 99 58 78 81 80 84 80 84 86 85 83 80 63 Engine 7 | . 14 13 7 4 . 3 6 1 . . . . 1 1 Core 1 | . . . . 1 6 5 3 . . . . . . . Reactor 1 | . . . . . . . . 7 9 9 9 8 6 3 Treads 9 | . 28 18 . . . . . . . . . . . . Wheel 2 | . . 9 . . . . . . . . . . . . Flight 7 | . . . 7 6 6 5 8 13 13 13 13 20 18 21 Device 13 | . 13 14 14 28 27 17 10 15 18 18 18 10 9 9 Storage 8 | . 14 14 6 6 6 5 5 4 4 4 4 4 3 . Processor 1 | . . . . . . 4 . . . . . 2 2 3 Hackware 11 | . . . 7 12 12 19 35 31 31 31 31 26 24 5 Protection 2 | . . . 1 6 10 6 . . . . . 2 3 6 Energy Gun 3 | . 14 1 . . . . . . . . . . . . Energy Cannon 1 | . . 6 4 . . . . . . . . . . . Ballistic Gun 9 | . 14 20 8 12 12 10 3 . . . . . . . Piercing Weapon 1 | . . . . . . . . . 2 4 7 8 5 1 Naked Turns 1 | . . . . . . . . . . . . . . 1 Heaviest Build 60 | 12 28 36 23 25 29 36 37 40 39 39 40 60 59 51 Greatest Support 90 | 40 40 40 24 33 33 33 41 41 41 41 41 49 53 90 Greatest Overweight (x) 2 | . . . . . . 1 1 2 . . 1 1 1 1 Average Overweight (x) . | . . . . . . . . . . . . . . . Largest Inventory Capacity 15 | 8 15 15 15 8 8 8 8 8 8 8 8 8 8 7 Average Capacity 10 | 6 13 15 7 8 8 8 8 8 8 8 8 8 7 6 Most Carried 15 | 6 10 15 15 8 8 8 8 8 8 8 8 8 8 6 Average Carried 8 | 3 8 13 7 8 8 7 7 8 7 7 7 7 7 2 Final Capacity 15 | 8 15 15 8 8 8 8 8 8 8 8 8 8 5 7 Final Carried 15 | 6 9 15 8 8 8 8 8 8 8 7 8 8 5 6 Class Distribution -------------------- 39% | Mutant 15% | Wizard-Mutant 13% | Hacker-Mutant 13% | Wizard-Sprinter 11% | Scavenger-Mutant 4% | Hacker-Sprinter Dominant Class ---------------- Mutant | -10/Materials Mutant | -10/Subcaves Scavenger-Mutant | -8/Materials Hacker-Mutant | -7/Factory Hacker-Mutant | -7/DSF Hacker-Mutant | -6/Factory Wizard-Mutant | -5/Factory Wizard-Sprinter | -4/Factory Wizard-Sprinter | -4/Waste Wizard-Sprinter | -4/Factory Wizard-Sprinter | -4/DSF Wizard-Mutant | -3/Research Wizard-Mutant | -3/Quarantine Hacker-Sprinter | -3/Section 7 Resources | -11 -10 -10 -8 -7 -7 -6 -5 -4 -4 -4 -4 -3 -3 -3 ----------- Run | Yrd Mat Sub Mat Fac DSF Fac Fac Fac Was Fac DSF Res Qua Sec Matter Collected 2779 | 205 283 240 . 124 . 623 232 85 227 . 45 130 61 524 Remotely 278 | . 260 18 . . . . . . . . . . . . Salvage Created 4227 | . 566 355 24 . . 611 337 120 314 . . 398 267 1235 Parts 212 | . 50 34 3 . . 33 24 14 2 . . 14 18 20 Haulers Intercepted 5 | . 2 . . . . 1 1 . . . . 1 . . Recyclers Shooed 1 | . 1 . . . . . . . . . . . . . Parts Field Recycled . | . . . . . . . . . . . . . . . Retrieved Matter . | . . . . . . . . . . . . . . . Parts Self-Destructed 12 | . . 12 . . . . . . . . . . . . Prevented . | . . . . . . . . . . . . . . . Kills | -11 -10 -10 -8 -7 -7 -6 -5 -4 -4 -4 -4 -3 -3 -3 ------- Run | Yrd Mat Sub Mat Fac DSF Fac Fac Fac Was Fac DSF Res Qua Sec Combat Hostiles Destroyed 70 | . 11 11 . . . 9 9 5 . . . 3 4 18 Melee 22 | . . . . . . . . . . . . 3 4 15 Guns 32 | . 11 8 . . . 9 2 . . . . . . 2 Cannons 3 | . . 3 . . . . . . . . . . . . AOE 12 | . . . . . . . 7 5 . . . . . . Classes Destroyed 17 | . 8 1 . . . 3 . . . . . . 1 4 Worker 3 | . 2 . . . . . . 1 . . . . . . Builder 4 | . 2 . . . . . . 2 . . . . . . Hauler 5 | . 2 . . . . 1 1 . . . . 1 . . Recycler 1 | . 1 . . . . . . . . . . . . . Operator 5 | . 2 . 1 . . 1 1 . . . . . . . Watcher 7 | . 2 . . . . 1 2 . . . . 2 . . Swarmer 28 | . 6 4 . . . 1 7 5 . . . 1 2 2 Saboteur 1 | . . . . . . . . . . . . . . 1 Grunt 19 | . 5 2 . . . 3 2 . . . . 1 1 5 Duelist 2 | . . . . . . . . . . . . . . 2 Protector 2 | . . . . . . . . . . . . . . 2 Researcher 1 | . . . . . . . . . . . . . 1 . Sentry 2 | . . . . . . 1 . . . . . 1 . . Hunter 3 | . . . . . . 1 . . . . . . . 2 Programmer 5 | . . . . . . 3 . . . . . . 1 1 Tracker 1 | . . . . . . . . . . . . . . 1 Combat Programmer 1 | . . . . . . . . . . . . . . 1 Executioner 1 | . . . . . . . . . . . . . . 1 Subdweller 5 | . . 5 . . . . . . . . . . . . Best Kill Streak 6 | . 6 4 1 . . 3 4 6 . . . 3 2 3 Combat Bots Only 5 | . 3 4 . . . 3 4 5 . . . 3 2 3 Max Kills in Single Turn 4 | . 2 2 1 . . 1 2 4 . . . 1 1 1 Gunslinging 1 | . . 1 . . . . . . . . . . . . Exploded 4 | . . . . . . . 2 4 . . . . . . Melee 1 | . . . . . . . . . . . . 1 1 1 Uniques/NPCs Destroyed . | . . . . . . . . . . . . . . . Combat | -11 -10 -10 -8 -7 -7 -6 -5 -4 -4 -4 -4 -3 -3 -3 -------- Run | Yrd Mat Sub Mat Fac DSF Fac Fac Fac Was Fac DSF Res Qua Sec Hostile Shots Fired 939 | . 54 84 10 . 42 133 52 18 . . 5 29 49 463 Missed 361 | . 16 34 6 . 24 63 27 10 . . 2 9 19 151 Damage Taken 10716 | . 393 746 43 . 207 1120 616 205 . . 247 696 715 5728 Core 1690 | . 55 158 . . 22 164 24 55 . . . 27 20 1165 Absorbed by Shields 1955 | . . . 17 . 41 . . . . . . 59 . 1838 Redirected to Shielding 48 | . . . . . . 48 . . . . . . . . Regen/Repaired (Parts) 1184 | . . . . . . . . . 1 . . 54 582 547 Core Remaining (%) 83 | 100 . 14 100 . 96 80 97 . . . 95 . . . Volleys Fired 227 | . 57 43 2 . . 73 22 3 . . . . . 27 Largest 2 | . 2 2 2 . . 2 2 1 . . . . . 2 Hottest 105 | . 70 105 50 . . 65 56 33 . . . . . 105 Shots Fired 413 | . 114 85 4 . . 132 37 3 . . . . . 38 Gun 374 | . 114 69 4 . . 119 30 . . . . . . 38 Cannon 29 | . . 16 . . . 13 . . . . . . . . Launcher 10 | . . . . . . . 7 3 . . . . . . Special . | . . . . . . . . . . . . . . . Kinetic 303 | . 57 56 4 . . 119 30 . . . . . . 37 Thermal 100 | . 57 29 . . . 13 . . . . . . . 1 Explosive 10 | . . . . . . . 7 3 . . . . . . Electromagnetic . | . . . . . . . . . . . . . . . Robot Hit Streak 11 | . 10 11 4 . . 7 5 1 . . . . . 9 Robot Miss Streak 6 | . 6 5 1 . . 5 2 1 . . . . . 3 Penetration Max 1 | . . . . . . 1 . . . . . . . 1 Secondary Targets 4 | . 1 1 . . . 2 . . . . . . . . Max Gunslinging Chain 1 | . 1 1 . . . 1 . . . . . . . . Shots Hit Robots 368 | . 70 53 3 . . 70 25 5 2 . . 12 9 119 Core Hits 178 | . 33 16 2 . . 36 19 10 2 . . 8 5 47 Critical Kills 2 | . . . . . . 1 . . . . . . . 1 Critical Parts Destroyed 3 | . . . . . . . 1 . . . . . . 2 Critical Strikes 24 | . 4 . . . . 1 1 1 . . . 2 1 14 Burn 4 | . 4 . . . . . . . . . . . . . Destroy 3 | . . . . . . 1 1 . . . . . . 1 Smash 2 | . . . . . . . . . . . . . . 2 Sever 1 | . . . . . . . . 1 . . . . . . Impale 14 | . . . . . . . . . . . . 2 1 11 Melee Attacks 196 | . . . . . . . 3 8 2 . 1 17 22 143 Impact 8 | . . . . . . . . . . . . . . 8 Slashing 49 | . . . . . . . 3 8 . . . . 17 21 Piercing 139 | . . . . . . . . . 2 . 1 17 5 114 Sneak Attacks 5 | . . . . . . . . 3 . . . 1 1 . Combat Hostiles . | . . . . . . . . . . . . . . . Follow-up Attacks 2 | . . . . . . . . . . . . 1 1 . Damage Inflicted 11000 | . 949 822 49 . . 1562 1283 577 69 . . 543 470 4676 Guns 4137 | . 949 526 49 . . 1562 374 . . . . . . 677 Cannons 296 | . . 296 . . . . . . . . . . . . Explosions 1058 | . . . . . . . 777 281 . . . . . . Melee 5475 | . . . . . . . 132 296 69 . . 543 470 3965 Ramming 34 | . . . . . . . . . . . . . . 34 Kinetic 3542 | . 439 441 49 . . 1562 374 . . . . . . 677 Thermal 891 | . 510 381 . . . . . . . . . . . . Explosive 1058 | . . . . . . . 777 281 . . . . . . Electromagnetic . | . . . . . . . . . . . . . . . Impact 284 | . . . . . . . . . . . . . . 284 Slashing 1249 | . . . . . . . 132 296 . . . . 372 449 Piercing 3942 | . . . . . . . . . 69 . . 543 98 3232 Highest Corruption 38 | . . . . . . 4 . . . . . . 2 38 Average Corruption 7 | . . . . . . 3 . . . . . . 1 13 Corruption Purged 6 | . . . . . . 2 . . . . . . 3 1 Corruption Blocked . | . . . . . . . . . . . . . . . Effects 34 | . . . . . . 11 . . . . . . 3 20 Message Errors 6 | . . . . . . 3 . . . . . . . 3 Matter Fused 9 | . . . . . . 2 . . . . . . 1 6 Heat Flow Errors 3 | . . . . . . 1 . . . . . . . 2 Energy Discharges 5 | . . . . . . 1 . . . . . . 2 2 Parts Rejected 2 | . . . . . . 1 . . . . . . . 1 Data Loss (minor) 3 | . . . . . . 1 . . . . . . . 2 Data Loss (major) 3 | . . . . . . 1 . . . . . . . 2 Alerts 1 | . . . . . . 1 . . . . . . . . Misdirections 1 | . . . . . . . . . . . . . . 1 Weapon Failures 1 | . . . . . . . . . . . . . . 1 Overload Shots . | . . . . . . . . . . . . . . . Overflow Damage 436 | . . . . . . . 118 59 . . . . 48 211 Projectiles . | . . . . . . . . . . . . . . . Explosions 81 | . . . . . . . 81 . . . . . . . Melee 355 | . . . . . . . 37 59 . . . . 48 211 Knockbacks 2 | . . . . . . . . . . . . . . 2 Impact 2 | . . . . . . . . . . . . . . 2 Kinetic . | . . . . . . . . . . . . . . . Secondary . | . . . . . . . . . . . . . . . Self-Inflicted Damage 9 | . . . . . . . . . . . . . . 9 Shots . | . . . . . . . . . . . . . . . Rammed 6 | . . . . . . . . . . . . . . 6 Targets Rammed 15 | . . . . . . . . . . . . . . 15 Kicked 9 | . . . . . . . . . . . . . . 9 Crushed . | . . . . . . . . . . . . . . . Highest Temperature 215 | . 127 65 17 . . 192 13 12 1 1 . 118 59 215 Average Temperature 35 | . 38 18 12 . . 63 1 1 1 1 . 44 29 48 Received Heat Transfer 1178 | . 135 156 24 . 34 273 108 9 . . . 51 42 346 Siege Activations . | . . . . . . . . . . . . . . . Robots Corrupted . | . . . . . . . . . . . . . . . Combat Hostiles . | . . . . . . . . . . . . . . . Parts Fried 5 | . . . . . . . . . . . . . . 5 Impact Corruptions 2 | . . . . . . . . . . . . . . 2 Robots Melted . | . . . . . . . . . . . . . . . Combat Hostiles . | . . . . . . . . . . . . . . . Parts Melted 7 | . 5 2 . . . . . . . . . . . . Heat Transferred 2479 | . 1813 666 . . . . . . . . . . . . Parts Sabotaged 3 | . . . . . . . . . . . . . . 3 Parts Stolen . | . . . . . . . . . . . . . . . Parts Stripped . | . . . . . . . . . . . . . . . Power Chain Reactions 1 | . . . . . . 1 . . . . . . . . Alert | -11 -10 -10 -8 -7 -7 -6 -5 -4 -4 -4 -4 -3 -3 -3 ------- Run | Yrd Mat Sub Mat Fac DSF Fac Fac Fac Was Fac DSF Res Qua Sec Peak Influence 4004 | . 248 . 50 49 39 466 510 233 81 56 193 728 704 4004 Initial 333 | . . . . 22 34 20 225 9 81 56 11 108 333 294 Average 527 | . 71 . 14 28 32 203 274 131 81 31 132 508 496 2331 Maximum Alert Level 5 | . 1 . . . . 2 2 1 . . . 3 3 5 Low Security (%) 49 | 100 95 . 100 100 100 47 17 56 100 100 100 18 . . Level 1 20 | . 4 . . . . 47 74 43 . . . 6 8 5 Level 2 15 | . . . . . . 5 7 . . . . 46 89 15 Level 3 2 | . . . . . . . . . . . . 28 1 . Level 4 . | . . . . . . . . . . . . . . . Level 5 . | . . . . . . . . . . . . . . . High Security . | . . . . . . . . . . . . . . . Max Security 12 | . . . . . . . . . . . . . . 79 Squads Dispatched 65 | . 2 . 1 . 1 11 6 3 . 1 2 2 2 34 Investigation 15 | . 1 . . . . 7 3 1 . 1 . . 1 1 Extermination 4 | . . . . . . 1 1 . . . . 1 1 . Reinforcement 13 | . 1 . 1 . 1 3 2 2 . . 2 1 . . Assault 30 | . . . . . . . . . . . . . . 30 Garrison . | . . . . . . . . . . . . . . . Intercept 3 | . . . . . . . . . . . . . . 3 Searches Triggered . | . . . . . . . . . . . . . . . Construction Impeded 1 | . . . . . . . . 1 . . . . . . Haulers Reinforced 3 | . . . . . . 2 1 . . . . . . . Active Scanning Responses . | . . . . . . . . . . . . . . . Cargo Convoy Interrupts . | . . . . . . . . . . . . . . . Stealth | -11 -10 -10 -8 -7 -7 -6 -5 -4 -4 -4 -4 -3 -3 -3 --------- Run | Yrd Mat Sub Mat Fac DSF Fac Fac Fac Was Fac DSF Res Qua Sec Distress Signals 11 | . 1 . . . . 3 2 3 . . . . . 2 Communications Jammed . | . . . . . . . . . . . . . . . Distress Signals . | . . . . . . . . . . . . . . . Times Spotted 400 | . 16 18 10 . 5 64 36 17 . . 7 12 24 191 Peak Tracking Total 35 | . 3 5 7 . 4 10 8 7 . . 4 4 12 35 Tactical Retreats 45 | . . 2 . . 1 15 7 4 . . 1 . 3 12 Traps | -11 -10 -10 -8 -7 -7 -6 -5 -4 -4 -4 -4 -3 -3 -3 ------- Run | Yrd Mat Sub Mat Fac DSF Fac Fac Fac Was Fac DSF Res Qua Sec Traps Triggered 11 | . 1 1 . . . 1 3 2 . . . 2 1 . Indirectly . | . . . . . . . . . . . . . . . Trap Hack Attempts . | . . . . . . . . . . . . . . . Triggered . | . . . . . . . . . . . . . . . Disarmed . | . . . . . . . . . . . . . . . Reprogrammed . | . . . . . . . . . . . . . . . Reused . | . . . . . . . . . . . . . . . Traps Extracted . | . . . . . . . . . . . . . . . Installed . | . . . . . . . . . . . . . . . Triggered 2 | . . 2 . . . . . . . . . . . . Machines | -11 -10 -10 -8 -7 -7 -6 -5 -4 -4 -4 -4 -3 -3 -3 ---------- Run | Yrd Mat Sub Mat Fac DSF Fac Fac Fac Was Fac DSF Res Qua Sec Machines Disabled 13 | . . 1 . . . 1 1 . . . . . 1 9 Max in Single Turn 1 | . . 1 . . . 1 1 . . . . . 1 1 Garrison Access 4 | . . . . 1 . 1 . . . . . 1 1 . Machines Repaired . | . . . . . . . . . . . . . . . Machines Dismantled . | . . . . . . . . . . . . . . . Machines Sabotaged . | . . . . . . . . . . . . . . . Overloaded Fab Kills 5 | . . . . . . 5 . . . . . . . . Hacking | -11 -10 -10 -8 -7 -7 -6 -5 -4 -4 -4 -4 -3 -3 -3 --------- Run | Yrd Mat Sub Mat Fac DSF Fac Fac Fac Was Fac DSF Res Qua Sec Machines Accessed 66 | . 6 1 2 3 . 10 10 3 . 2 . 8 12 9 Terminals 48 | . 6 . 2 2 . 6 7 2 . 2 . 4 8 9 Fabricators 5 | . . . . . . 3 . 1 . . . 1 . . Repair Stations 2 | . . . . . . . . . . . . . 2 . Recycling Units 1 | . . . . . . . 1 . . . . . . . Scanalyzers 5 | . . . . . . . 2 . . . . 2 1 . Garrison Access 4 | . . . . 1 . 1 . . . . . 1 1 . Total Hacks 352 | . 24 9 9 6 . 31 78 23 . 7 . 54 60 51 Successful 218 | . 9 9 5 4 . 14 69 16 . 5 . 29 34 24 Failed 132 | . 14 . 4 2 . 17 8 7 . 2 . 25 26 27 Catastrophic 25 | . 1 . 1 . . 5 . 1 . 1 . 7 3 6 Database Lockouts 2 | . 1 . . . . . 1 . . . . . . . Manual 139 | . 15 . 5 3 . 7 29 12 . 3 . 24 23 18 Terminals 267 | . 24 . 9 4 . 22 50 21 . 7 . 38 41 51 Fabricators 11 | . . . . . . 7 . 2 . . . 2 . . Repair Stations 6 | . . . . . . . . . . . . . 6 . Recycling Units 5 | . . . . . . . 5 . . . . . . . Scanalyzers 47 | . . . . . . . 23 . . . . 13 11 . Garrison Access 7 | . . . . 2 . 2 . . . . . 1 2 . Terminal Hacks 121 | . 5 9 4 2 . 7 33 11 . 5 . 13 15 17 Record 14 | . . 8 . . . . 2 . . . . . 3 1 Part Schematic 12 | . . . 2 . . . 8 2 . . . . . . Robot Analysis 6 | . 1 . . . . . 3 . . 1 . 1 . . Prototype ID Bank 17 | . 3 . 1 . . 1 5 . . . . 4 1 2 Open Door 3 | . . . . . . . . . . . . 1 1 1 Open DSF 3 | . . . . 1 . 1 . . . 1 . . . . Level Access Points 3 | . . . . . . . 1 . . . . . 1 1 Branch Access Points 6 | . . . . 1 . . 1 . . 1 . 1 1 1 Emergency Access Points 2 | . . . . . . . . 1 . . . . . 1 Machine Index 1 | . . . . . . . 1 . . . . . . . Terminal Index 3 | . . . . . . 1 . 1 . . . . 1 . Fabricator Index 2 | . . . . . . . . 1 . . . . 1 . Scanalyzer Index 1 | . . . . . . . . . . . . . 1 . Garrison Index 1 | . . . . . . . . . . . . . 1 . Alert Level 2 | . . . . . . 1 1 . . . . . . . Unreport Threat 9 | . . . 1 . . . 5 . . 2 . 1 . . Locate Traps 4 | . 1 . . . . 1 2 . . . . . . . Maintenance Status 2 | . . . . . . . . . . . . 1 . 1 Security Status 4 | . . . . . . . . . . . . . 2 2 Surveillance Status 2 | . . . . . . . 1 . . . . . . 1 Patrol Status 1 | . . . . . . . . 1 . . . . . . Transport Status 1 | . . . . . . . . . . . . . . 1 Investigation Status 1 | . . . . . . . . . . . . . . 1 Recall Investigation 2 | . . . . . . . . 1 . . . . . 1 Recall Extermination 2 | . . . . . . . 1 . . . . 1 . . Recall Reinforcements 3 | . . . . . . . . 2 . . . . 1 . Hauler Manifests 3 | . . . . . . 1 1 . . . . 1 . . Registered Prototypes 3 | . . . . . . . 1 1 . . . . . 1 Zone Layout 6 | . . . . . . 1 . 1 . . . 2 1 1 Derelict Proto ID Bank 1 | . . 1 . . . . . . . . . . . . Activate Exoskeleton 1 | . . . . . . . . . . . . . . 1 Fabricator Hacks 8 | . . . . . . 4 . 2 . . . 2 . . Load Schematic 4 | . . . . . . 2 . 1 . . . 1 . . Build 4 | . . . . . . 2 . 1 . . . 1 . . Repair Station Hacks 4 | . . . . . . . . . . . . . 4 . Scan Component 2 | . . . . . . . . . . . . . 2 . Repair 2 | . . . . . . . . . . . . . 2 . Recycling Unit Hacks 2 | . . . . . . . 2 . . . . . . . Retrieve Components 2 | . . . . . . . 2 . . . . . . . Scanalyzer 41 | . . . . . . . 21 . . . . 11 9 . Insert Component 18 | . . . . . . . 8 . . . . 6 4 . Analyze 23 | . . . . . . . 13 . . . . 5 5 . Garrison Access Hacks 4 | . . . . 1 . 1 . . . . . 1 1 . Seal Access 4 | . . . . 1 . 1 . . . . . 1 1 . Unauthorized Hacks 38 | . 4 . 1 1 . 2 13 3 . . . 2 5 7 Terminals 32 | . 4 . 1 1 . 1 8 3 . . . 2 5 7 Track 3 | . . . . . . . . . . . . 1 1 1 Assimilate 5 | . . . . . . . 2 1 . . . . . 2 Botnet 20 | . 4 . 1 1 . 1 4 2 . . . 1 2 4 Disrupt 3 | . . . . . . . 2 . . . . . 1 . Operators 1 | . . . . . . . . . . . . . 1 . Fabricators 1 | . . . . . . 1 . . . . . . . . Overload 1 | . . . . . . 1 . . . . . . . . Repair Stations . | . . . . . . . . . . . . . . . Recycling Units 3 | . . . . . . . 3 . . . . . . . Monitor 1 | . . . . . . . 1 . . . . . . . Reject 1 | . . . . . . . 1 . . . . . . . Mask 1 | . . . . . . . 1 . . . . . . . Scanalyzers 2 | . . . . . . . 2 . . . . . . . Extract 2 | . . . . . . . 2 . . . . . . . Garrison Access . | . . . . . . . . . . . . . . . Data Cores Recovered . | . . . . . . . . . . . . . . . Used . | . . . . . . . . . . . . . . . Hacking Detections 47 | . 5 . 2 2 . 9 7 3 . 2 . 5 7 5 Full Trace Events 17 | . 5 . 2 . . 6 1 1 . 1 . . . 1 Feedback Events 2 | . . . . . . 1 . . . 1 . . . . Corruption 1 | . . . . . . 1 . . . . . . . . Hackware Fried 1 | . . . . . . . . . . 1 . . . . Feedback Blocked 1 | . . . . . . . . . . 1 . . . . Robot Schematics Acquired 1 | . . . . . . . . . . . . . 1 . Robots Built . | . . . . . . . . . . . . . . . Authchips . | . . . . . . . . . . . . . . . Time . | . . . . . . . . . . . . . . . Total Robot Build Rating . | . . . . . . . . . . . . . . . Part Schematics Acquired 43 | . . . 2 . . . 28 2 . . . 5 6 . Parts Built 5 | . . . . . . 2 . 1 . . . 2 . . Authchips 1 | . . . . . . . . . . . . 1 . . Time 243 | . . . . . . 109 . 76 . . . 58 . . Total Part Build Rating 25 | . . . . . . 6 . 5 . . . 14 . . Parts Repaired 2 | . . . . . . . . . . . . . 2 . Time 67 | . . . . . . . . . . . . . 67 . Parts Recycled . | . . . . . . . . . . . . . . . Recycled Matter . | . . . . . . . . . . . . . . . Retrieved Matter . | . . . . . . . . . . . . . . . Retrieved Components 1 | . . . . . . . 1 . . . . . . . Parts Scanalyzed 16 | . . . . . . . 8 . . . . 5 3 . Part Schematics Acquired 16 | . . . . . . . 8 . . . . 5 3 . Parts Damaged 5 | . . . . . . . 3 . . . . . 2 . Bothacking | -11 -10 -10 -8 -7 -7 -6 -5 -4 -4 -4 -4 -3 -3 -3 ------------ Run | Yrd Mat Sub Mat Fac DSF Fac Fac Fac Was Fac DSF Res Qua Sec Used RIF Installer . | . . . . . . . . . . . . . . . Robots Hacked . | . . . . . . . . . . . . . . . Non-combat . | . . . . . . . . . . . . . . . Combat . | . . . . . . . . . . . . . . . Robot Hacks Applied . | . . . . . . . . . . . . . . . Relay Couplers Released . | . . . . . . . . . . . . . . . Fabnet Peak Effective % . | . . . . . . . . . . . . . . . Robots Rewired . | . . . . . . . . . . . . . . . Allies Hacked 1 | . . . . . . . . . . . . . 1 . Hacks Repelled 2 | . . . . . . . . . . . . . 2 . Allies | -11 -10 -10 -8 -7 -7 -6 -5 -4 -4 -4 -4 -3 -3 -3 -------- Run | Yrd Mat Sub Mat Fac DSF Fac Fac Fac Was Fac DSF Res Qua Sec Total Allies 28 | . . . . . . 3 2 1 20 . . . . 2 Largest Group 21 | . . . . . . 3 1 1 21 21 20 16 10 1 Highest-Rated Group 1204 | . . . . . . 93 26 10 730 730 684 579 356 1204 Highest-Rated Ally 1204 | . . . . . . 31 26 10 46 46 46 46 46 1204 Total Orders . | . . . . . . . . . . . . . . . Ally Attacks 406 | . . . . . . 43 . . . . 40 78 32 213 Total Damage 26908 | . . . . . . 695 . . . . 948 1765 768 22732 Kills 97 | . . . . . . 5 . . . . 6 11 4 71 Allies Corrupted 1 | . . . . . . 1 . . . . . . . . Allies Melted . | . . . . . . . . . . . . . . . Intel | -11 -10 -10 -8 -7 -7 -6 -5 -4 -4 -4 -4 -3 -3 -3 ------- Run | Yrd Mat Sub Mat Fac DSF Fac Fac Fac Was Fac DSF Res Qua Sec Robot Analysis Total 6 | . 1 . . . . . 3 . . 1 . 1 . . Derelict Logs Recovered 2 | . . 2 . . . . . . . . . . . . Drone Launches . | . . . . . . . . . . . . . . . Drone Recoveries . | . . . . . . . . . . . . . . . Exploration | -11 -10 -10 -8 -7 -7 -6 -5 -4 -4 -4 -4 -3 -3 -3 ------------- Run | Yrd Mat Sub Mat Fac DSF Fac Fac Fac Was Fac DSF Res Qua Sec Turns Passed 7145 | 95 1412 1637 122 103 61 970 584 193 134 11 87 375 530 831 Spaces Moved 7699 | 52 345 1089 217 237 74 1397 1283 502 214 21 157 504 739 868 Core 7 | 2 . . . . . . . 1 . . . . . 4 Treads 976 | 50 345 581 . . . . . . . . . . . . Legs 11 | . . . . . . . . . . . . . . 11 Wheels 508 | . . 508 . . . . . . . . . . . . Hover 1 | . . . . . . . 1 . . . . . . . Flight 6194 | . . . 217 237 74 1397 1282 501 214 21 157 504 739 851 Fastest Speed 8 | 50 160 105 40 40 40 40 30 30 30 30 24 16 8 16 Average Speed 55 | 155 160 135 40 40 40 40 35 30 30 30 25 28 41 21 Slowest Speed 190 | 160 160 160 40 40 40 80 120 150 30 30 69 56 78 190 Overloaded Moves 24 | . . . . . . . . . . . . . 24 . Propulsion Burnouts . | . . . . . . . . . . . . . . . Robots Hopped 29 | . . . 4 . . 12 4 2 . . . 1 1 5 Cave-ins Triggered . | . . . . . . . . . . . . . . . Microwarps 1 | . . . . . . . . . . . . . . 1 Exploration Rate (%) 44 | 4 66 64 27 6 82 42 36 13 88 1 91 16 70 64 Regions Visited 14 Branch Regions 3 Pre-discovered Areas 2 | . . 2 . . . . . . . . . . . . Known Exits Taken 4 | . . . . 1 . . 1 . . 1 . 1 . . Unknown Exits Taken 6 | 1 1 1 1 . . 1 . . . . . . 1 . Scrap Searched 5 | . . 5 . . . . . . . . . . . . Spaces Dug 15 | . . . . . . 4 . 3 . . 1 . 4 3 Terrain Destroyed 74 | . . 1 . . . 5 31 28 . . 1 . 4 4 Melee 11 | . . . . . . . . 3 . . 1 . 4 3 Projectile 9 | . . 1 . . . 5 2 . . . . . . 1 AOE 54 | . . . . . . . 29 25 . . . . . . Terrain Rammed . | . . . . . . . . . . . . . . . Walls Destroyed . | . . . . . . . . . . . . . . . Machines Disabled . | . . . . . . . . . . . . . . . Actions | -11 -10 -10 -8 -7 -7 -6 -5 -4 -4 -4 -4 -3 -3 -3 --------- Run | Yrd Mat Sub Mat Fac DSF Fac Fac Fac Was Fac DSF Res Qua Sec Total 9848 | 63 1090 1175 243 243 107 1661 1363 529 279 24 208 706 929 1228 Wait 1347 | . 676 4 2 1 23 165 24 3 59 3 28 132 142 85 Move 7630 | 51 344 1088 209 236 73 1373 1275 498 213 20 156 501 736 857 Hop 26 | . . . 3 . . 11 3 2 . . . 1 1 5 Pick Up 79 | 6 4 16 5 . 3 9 7 1 3 . 8 7 6 4 Fast Attach 93 | 6 4 3 9 4 1 7 7 6 . . 3 6 5 32 Attach 25 | . 1 5 2 . . 1 1 . 1 1 . 4 5 4 Detach 9 | . 1 . 2 . . . . . . . . 1 3 2 Swap 35 | . 1 5 1 . 2 9 5 1 . . 1 5 1 4 Drop 109 | . 2 11 8 2 5 13 16 7 1 . 11 10 10 13 Fire 227 | . 57 43 2 . . 73 22 3 . . . . . 27 Melee 190 | . . . . . . . 3 8 2 . 1 13 20 143 Ram 6 | . . . . . . . . . . . . . . 6 Kick 9 | . . . . . . . . . . . . . . 9 Crush . | . . . . . . . . . . . . . . . Escape Stasis 63 | . . . . . . . . . . . . 26 . 37 Rewire . | . . . . . . . . . . . . . . . Trap . | . . . . . . . . . . . . . . . Miscellaneous . | . . . . . . . . . . . . . . . Route ------- -11/Scrapyard -10/Materials (discovered 3 exits: [*Mat] / [*Min] / *Sub) -10/Subcaves (discovered 2 exits: *Mat / [*Rec]) -8/Materials -7/Factory (discovered 3 exits: Low x2 / DSF) -7/DSF -6/Factory -5/Factory (discovered 6 exits: *Fac x4 / *Upp x2) -4/Factory -4/Waste -4/Factory (discovered 5 exits: Upp x2 / Ext x2 / DSF) -4/DSF -3/Research (discovered 3 exits: *Arm / *Qua x2) -3/Quarantine (discovered 2 exits: *Res / *Sec) -3/Section 7 (discovered 1 exit: *Res) History --------- Turn | Location | Event 6 | -11/Scrapyard | Discovered new exit (range 15) 96 | -11/Scrapyard | Entered Materials 302 | -10/Materials | Build established: Mutant 319 | -10/Materials | Discovered new exit (range 15) 685 | -10/Materials | Discovered new exit (range 15) 1112 | -10/Materials | Central database locked down 1483 | -10/Materials | Discovered new exit (range 9) 1508 | -10/Materials | Entered Subcaves 1624 | -10/Subcaves | Discovered new exit (range 8) 1703 | -10/Subcaves | Lost 3 parts (1p1u1w) 1934 | -10/Subcaves | Learned Materials emergency access door positions 2279 | -10/Subcaves | Core integrity fell below 50% 2594 | -10/Subcaves | Discovered new exit (range 11) 2848 | -10/Subcaves | Shifting Twisted Machinery released Barrage Gun 2867 | -10/Subcaves | Shifting Twisted Machinery released Sub. Optics 2872 | -10/Subcaves | Learned location of Zion (-6) 2872 | -10/Subcaves | Met a Zionite searching for "candidates" 2880 | -10/Subcaves | Build established: Scavenger-Mutant 2970 | -10/Subcaves | Visited 4L-MR0's lab 2988 | -10/Subcaves | Found Flightbrick 3003 | -10/Subcaves | Core integrity fell below 20% 3145 | -10/Subcaves | Entered Materials 3145 | -8/Materials | Evolved 4 slots: Propulsion x2, Utility x2 3148 | -8/Materials | Attached Flightbrick, gained temporary slots: Utility x3 3260 | -8/Materials | Discovered new exit (range 18) 3267 | -8/Materials | Entered Factory 3267 | -7/Factory | Evolved 2 slots: Utility x2 3361 | -7/Factory | Identified exit to Lower Caves 3370 | -7/Factory | Identified exit to DSF 3370 | -7/Factory | Entered DSF 3404 | -7/DSF | Additional patrols routed to DSF 3424 | -7/DSF | Discovered new exit (range 14) 3431 | -7/DSF | Entered Factory 3431 | -6/Factory | Evolved 2 slots: Power x1, Utility x1 3568 | -6/Factory | Build established: Hacker-Mutant 3744 | -6/Factory | Fabricated Hacking Suite? 3966 | -6/Factory | Spotted B-75 Beast 4095 | -6/Factory | Discovered new exit (range 18) 4289 | -6/Factory | Allied Derelicts emerged from ambush trap array 4369 | -6/Factory | Fabricated System Shield (x1) 4401 | -6/Factory | Entered another Factory area 4401 | -5/Factory | Evolved 2 slots: Propulsion x2 4533 | -5/Factory | Build established: Wizard-Mutant 4537 | -5/Factory | Central database locked down 4666 | -5/Factory | Identified exit to Factory 4666 | -5/Factory | Identified exit to Upper Caves 4853 | -5/Factory | Found Launcher Loader 4985 | -5/Factory | Entered another Factory area 4985 | -4/Factory | Evolved 2 slots: Utility x2 5049 | -4/Factory | Discovered new exit (range 16) 5110 | -4/Factory | Build established: Wizard-Sprinter 5152 | -4/Factory | Fabricated Cld. Cesium-ion Thruster? 5178 | -4/Factory | Sucked down chute 5178 | -4/Factory | Entered Waste 5179 | -4/Waste | Joined by Warlord forces that had cleared the area 5195 | -4/Waste | 1 allies followed down the chute 5240 | -4/Waste | Discovered new exit (range 12) 5312 | -4/Waste | Entered Factory 5312 | -4/Factory | Accompanied by 21 allies 5313 | -4/Factory | Identified exit to DSF 5316 | -4/Factory | Identified exit to Upper Caves 5316 | -4/Factory | Identified exit to Extension 5316 | -4/Factory | Adv. Hacking Suite fried by hacking feedback 5323 | -4/Factory | Entered DSF 5323 | -4/DSF | Accompanied by 20 allies 5330 | -4/DSF | Discovered new exit (range 15) 5349 | -4/DSF | Additional patrols routed to DSF 5365 | -4/DSF | Lost 4 allies 5410 | -4/DSF | Entered Research 5410 | -3/Research | Accompanied by 16 allies 5410 | -3/Research | Evolved 2 slots: Propulsion x2 5518 | -3/Research | Lost 3 allies 5564 | -3/Research | Found Prototype Protection 5564 | -3/Research | Identified Centrium Heavy Armor Plating 5599 | -3/Research | Discovered new exit (range 16) 5640 | -3/Research | Identified exit to Armory 5715 | -3/Research | Fabricated Adv. Surge Thruster (x2) 5732 | -3/Research | Identified exit to Quarantine 5785 | -3/Research | Entered Quarantine 5785 | -3/Quarantine | Accompanied by 10 allies 5832 | -3/Quarantine | Build established: Wizard-Mutant 5840 | -3/Quarantine | Repaired Micro-nuke Launcher? 5945 | -3/Quarantine | Met incapacitated Sigix Warrior 5945 | -3/Quarantine | Lockdown squad dispatched 5947 | -3/Quarantine | Acquired the access code to the Sigix quarantine chamber 5948 | -3/Quarantine | Unlocked Sigix quarantine chamber 6002 | -3/Quarantine | Found Prototype Slashing Weapon 6002 | -3/Quarantine | Identified Vibroblade 6067 | -3/Quarantine | Found Alien Reactor 6067 | -3/Quarantine | Identified Matter Drive 6114 | -3/Quarantine | Discovered new exit (range 11) 6115 | -3/Quarantine | Identified exit to Research 6119 | -3/Quarantine | Lost 3 allies 6214 | -3/Quarantine | Repaired Centrium Heavy Armor Plating 6298 | -3/Quarantine | Spotted Fortress 6314 | -3/Quarantine | Discovered new exit (range 6) 6315 | -3/Quarantine | Entered Section 7 6374 | -3/Section 7 | Spotted B-86 Titan 6384 | -3/Section 7 | Spotted Alpha 7 6397 | -3/Section 7 | Discovered exit to Research (range 17) 6444 | -3/Section 7 | Found Alien Artifact 6444 | -3/Section 7 | Identified Microwarp Drive 6448 | -3/Section 7 | Spotted Executioner 6449 | -3/Section 7 | Spotted Executioner 6453 | -3/Section 7 | Spotted Alpha 7 6461 | -3/Section 7 | Spotted B-99 Colossus 6470 | -3/Section 7 | Activated Sigix Exoskeleton 6470 | -3/Section 7 | Unable to understand communications from Sigix Warrior 6472 | -3/Section 7 | Spotted Executioner 6473 | -3/Section 7 | Spotted Executioner 6484 | -3/Section 7 | Spotted Striker 6485 | -3/Section 7 | Spotted Striker 6543 | -3/Section 7 | Found Alien Artifact 6543 | -3/Section 7 | Identified Integrity Redistributor 6543 | -3/Section 7 | Used Integrity Redistributor, redistributed integrity from core (-93) 6595 | -3/Section 7 | Spotted Striker 6595 | -3/Section 7 | Spotted Striker 6596 | -3/Section 7 | Spotted Striker 6598 | -3/Section 7 | Unable to understand communications from Sigix Warrior 6603 | -3/Section 7 | Build established: Hacker-Sprinter 6612 | -3/Section 7 | Unable to understand communications from Sigix Warrior 6628 | -3/Section 7 | Unable to understand communications from Sigix Warrior 6640 | -3/Section 7 | Allies destroyed Striker 6672 | -3/Section 7 | Spotted Executioner 6677 | -3/Section 7 | Allies destroyed Executioner 6679 | -3/Section 7 | Found Alien Artifact 6679 | -3/Section 7 | Identified LRC Energy Well 6679 | -3/Section 7 | Installed LRC Energy Well, increased energy storage capacity (+250) 6681 | -3/Section 7 | Found Alien Artifact 6681 | -3/Section 7 | Identified LRC Storage 6681 | -3/Section 7 | Installed LRC Storage, increased inventory capacity (+2) 6711 | -3/Section 7 | Spotted Investigator 6717 | -3/Section 7 | Scanned by Researcher 6718 | -3/Section 7 | Intercept squad dispatched 6718 | -3/Section 7 | Allies destroyed Investigator 6723 | -3/Section 7 | Destroyed Executioner 6735 | -3/Section 7 | Spotted Tracker 6749 | -3/Section 7 | Allies destroyed Tracker 6749 | -3/Section 7 | Spotted Tracker 6777 | -3/Section 7 | Spotted Combat Programmer 6784 | -3/Section 7 | Destroyed Tracker 6790 | -3/Section 7 | Spotted Combat Programmer 6803 | -3/Section 7 | System corruption reached 10% 6810 | -3/Section 7 | Spotted Striker 6816 | -3/Section 7 | Spotted Executioner 6819 | -3/Section 7 | Spotted Executioner 6829 | -3/Section 7 | Destroyed Combat Programmer 6836 | -3/Section 7 | Allies destroyed Combat Programmer 6855 | -3/Section 7 | Spotted Executioner 6857 | -3/Section 7 | Allies destroyed Executioner 6917 | -3/Section 7 | Allies destroyed Striker 6930 | -3/Section 7 | Spotted Striker 6959 | -3/Section 7 | Allies destroyed Striker 6974 | -3/Section 7 | Allies destroyed Executioner 6989 | -3/Section 7 | Lost 4 parts (1p2n1w) 6990 | -3/Section 7 | Allies destroyed Executioner 7010 | -3/Section 7 | Unable to understand communications from Sigix Warrior 7035 | -3/Section 7 | Core integrity fell below 50% 7058 | -3/Section 7 | Spotted Striker 7097 | -3/Section 7 | System corruption reached 30% 7145 | -3/Section 7 | Core integrity fell below 20% 7146 | -3/Section 7 | Destroyed by G-67 Veteran with Plasma Rifle Last Messages --------------- 07145_ Slammed into G-67 Veteran. 07145_ Slug penetrates E-15 Imp. 07145_ E-15 Imp destroyed. 07145_ Powered Hammer blown off. 07145_ Powered Hammer crushed and broken. 07145_ Exp. Heat Sink blown off. 07145_ Exp. Heat Sink crushed and broken. 07145_ E-15 Imp destroyed. 07146_ Slammed into P-80 Master. 07146_ C-30 ARC bursts open, deploying its payload. 07146_ Striker unfolds itself. 07146_ P-80 Master unfolds itself. 07146_ M-36 Artificer unfolds itself. 07146_ C-30 ARC bursts open, deploying its payload. 07146_ P-80 Master unfolds itself. 07146_ Striker unfolds itself. 07146_ I-47 Archangel unfolds itself. [Achievement: Collector] Map ----- +----------------------------------------------------+ | ????????????????????# #??#"""""" "#??????? | | ?????????############ #### " """""#??????? | | ?????????# """""#??????? | | ?????????# """""#??????? | | ?????????# ###############" """""#??????? | | ?????##### #?????????????#"" "#??????? | | ??#### # #####?????????#" " "#??????? | | ??#" """ " """"#?????????#"""""""" " " "#??????? | | ??#" """#?????????######### # ####??????? | | ??#" """#?????????????????# ###?????????? | | ??#""""" """#?????????????????# #???????????? | | ??#""""" """#?????????????????# #???????????? | | ??#""""" """#?????????????????# #???????????? | | ??#""""" """#?###############?# #???????????? | | ??#" """"#?#""""""" " """#?# #???????????? | | ??#""""" """#?#""@""" #?# #???????????? | | ??#""""" """"#?#""!"" " #?# #???????????? | | ??######## #####?#""["= ###%"#???????????? | | ?????????# #?????#""!=! "[= [ *% " #???????????? | | ?????????# #?????#===!!*%!%*% !%! #???????????? | | ?????????# "#?????#!%!%%!=%=!! [######???????????? | | ?????????#*%#######%!%mpi!m[!%% #????????????????? | | ?????????# !%[m=!!!i%e/pg=p!p%""#????????????????? | | ?????????#% !![=!* !=biph""m""#????????????????? | | ?????????##########[=g=pp!pKp=""#????????????????? | | ??????????????????#/*i%pg@p"K"""#????????????????? | | ??????????????????#####"%########????????????????? | | ??????????????????????#g##???????????????????????? | | ?????????????????????##p#####????????????????????? | | ?????????????????????#h%%%**#????????????????????? | | ?????????????????????#%[%%!!#????????????????????? | | ?????????????????????########????????????????????? | | ?????????????????????????????????????????????????? | | ?????????????????????????????????????????????????? | | ?????????????????????????????????????????????????? | | ?????????????????????????????????????????????????? | | ?????????????????????????????????????????????????? | | ?????????????????????????????????????????????????? | | ?????????????????????????????????????????????????? | | | | | | | | | | | | | | | | | | | | | | | +----------------------------------------------------+ Best States ------------- Heat Dissipation 91 Coolant Potential 50 Energy Generation 37 Energy Capacity 490 Matter Stores 300 Matter Capacity 300 Sight Range 22 Robot Scan Range 16 Terrain Scan Density 10 ECM Strength 2 Additional Mass Support 9 Armor Coverage 900 Power Shielding 90 Phase Shifting 10 Evasion (%) 80 Melee Accuracy 8 Recoil Reduction 2 Offensive Hacking 56 Defensive Hacking 52 Authchip Count 1 Item Schematics ----------------- Hacking Suite | -8/Materials | Hacked System Shield | -8/Materials | Hacked Variable Charge Gun | -5/Factory | Hacked Antigrav Array | -5/Factory | Hacked Thermal Defense Suite | -5/Factory | Scanalyzed Prc. Matter Filter | -5/Factory | Scanalyzed Cld. Cesium-ion Thruster | -5/Factory | Scanalyzed Transmission Jammer | -5/Factory | Scanalyzed Imp. Reaction Control System | -5/Factory | Scanalyzed Mass Driver | -5/Factory | Extracted Com. HERF Cannon | -5/Factory | Hacked Linear Gravjet | -5/Factory | Hacked Lgt. Antimatter Reactor | -5/Factory | Hacked Imp. Remote Force Field | -5/Factory | Hacked Imp. Corruption Screen | -5/Factory | Hacked Antimatter Reactor | -5/Factory | Hacked Railgun | -5/Factory | Scanalyzed Hvy. Pick | -5/Factory | Scanalyzed Launcher Loader | -5/Factory | Scanalyzed Huge Storage Unit | -5/Factory | Extracted Com. Wheel | -5/Factory | Extracted Mni. Drone Bay | -5/Factory | Extracted Energy Filter | -5/Factory | Extracted Imp. Dynamic Insulation System | -5/Factory | Extracted Power Amplifier | -5/Factory | Extracted Powered Hammer | -5/Factory | Extracted Nuclear Pulse Thruster | -5/Factory | Extracted Enh. Optical Array | -5/Factory | Extracted Arm. Huge Wheel | -5/Factory | Extracted Cmb. Gravmag System | -5/Factory | Extracted Adv. Heavy Siege Treads | -4/Factory | Hacked Cld. VTOL Module | -4/Factory | Hacked Adv. Surge Thruster | -3/Research | Scanalyzed Imp. Surge Thruster | -3/Research | Scanalyzed Adv. Reaction Control System | -3/Research | Scanalyzed Micro-nuke Launcher | -3/Research | Scanalyzed Adv. ECM Suite | -3/Research | Scanalyzed Exp. Signal Interpreter | -3/Quarantine | Archive Mni. Smartbomb Launcher | -3/Quarantine | Archive Exp. Focal Shield | -3/Quarantine | Archive Cld. Field Propulsion Drive | -3/Quarantine | Scanalyzed Imp. Cooling System | -3/Quarantine | Scanalyzed Q-thruster | -3/Quarantine | Scanalyzed Robot Schematics ------------------ M-36 Artificer | -3/Quarantine | Archive Fabricated ------------ Hacking Suite | x1 | -6/Factory System Shield | x1 | -6/Factory Cld. Cesium-ion Thruster | x1 | -4/Factory Adv. Surge Thruster | x2 | -3/Research | Authchip Alien Tech Used ----------------- Matter Drive Microwarp Drive Integrity Redistributor LRC Energy Well LRC Storage Achievements -------------- Collector Everyone Must Die Ride The Lightning Signature Confirmed Challenges ------------ None Game ------ Seed ActiveImpactCharger Manual? 0 Play Time 02:10:14 Cumulative 151.1 hours Start 2024.04.10 @ 23:33:37 End 2024.04.11 @ 01:47:00 Sessions 1 Manual Loads 0 Difficulty Rogue Special Mode None Game No. 136 Rogue 136 Adventurer 0 Explorer 0 Win Type - Total 4 Types 4/0/0/0/0/0/0/0/0 Lore% 65 Gallery% 75 Achievement% 62 Wizard Run 0 Options --------- Layout 2 ASCII 1 Keyboard 0 Movement Mouse Keybinds 0 Fullscreen 2 Font 24/Smallcaps Map View 50x44 Zoom Use 0% Tactical HUD 1 Map Filters NONE Filters NONE Steam 1 RUN: bad20adb-b29c-48b8-b440-bd0e6e17469d